 Dungeon Crawl Stone Soup version 0.20.1-1-g8b1a95d (webtiles) character file.

570 NullDivider the Ducker (level 7, 34/34 HPs)
             Began as a Felid Berserker on Sept 8, 2017.
             Was a Priest of Trog.
             Got out of the dungeon alive.
             The game lasted 00:27:17 (7626 turns).

NullDivider the Ducker (Felid Berserker)            Turns: 7626, Time: 00:27:17

Health: 34/34      AC:  2    Str: 13    XL:     7   Next: 11%
Magic:  17/17      EV: 22    Int:  9    God:    Trog [***...]
Gold:   195        SH:  0    Dex: 17    Spells: 6/6 levels left
                                        Lives:  1   Deaths: 1

rFire    . . .     SeeInvis +     - Unarmed
rCold    . . .     Gourm    .   (shield unavailable)
rNeg     . . .     Faith    .   (armour unavailable)
rPois    .         Spirit   .   (helmet unavailable)
rElec    .         Reflect  .   (cloak unavailable)
rCorr    .         Harm     .   (gloves unavailable)
MR       +....                  (boots unavailable)
Stlth    ++++......             (no amulet)
Regen    0.2/turn               e - ring of magical power
MPRegen  0.2/turn               q - ring of stealth

@: quick
A: no armour, no weapons or thrown items, stealth, claws 1, fangs 3, see
invisible, carnivore 3, speed 1, shaggy fur 2, slow metabolism 1, sharp paws
a: Berserk, Trog's Hand, Burn Spellbooks, Renounce Religion


You escaped.
You worshipped Trog.
Trog was most pleased with you.
You were not hungry.

You visited 1 branch of the dungeon, and saw 6 of its levels.

You collected 272 gold pieces.
You spent 77 gold pieces at shops.

Inventory:

Jewellery
 e - a ring of magical power (left paw)
 q - a ring of stealth (right paw)
 r - an uncursed ring of wizardry
 t - an uncursed ring of magical power
Wands
 y - a wand of clouds (1/9)
Scrolls
 b - a scroll of fear {unknown}
 f - a scroll of enchant weapon {unknown}
 h - a scroll of immolation {unknown}
 l - 4 scrolls of teleportation
 n - 5 scrolls of magic mapping
 s - a scroll of random uselessness {unknown}
 u - 2 scrolls of remove curse {unknown}
 w - 2 scrolls of enchant armour {unknown}
Potions
 c - a potion of cancellation {unknown}
 d - 2 potions of curing
 g - 2 potions of agility {unknown}
 i - a potion of mutation {unknown}
 k - a potion of invisibility {unknown}
 m - a potion of haste
 o - 3 potions of degeneration {unknown}
 p - 2 potions of heal wounds
 v - 3 potions of might {unknown}
 x - a potion of brilliance {unknown}
Comestibles
 a - 2 meat rations
 j - 2 royal jellies


   Skills:
 * Level 5.8 Fighting
 + Level 6.4 Dodging
 + Level 4.7 Stealth
 * Level 6.2 Unarmed Combat


You had 6 spell levels left.
You didn't know any spells.

Dungeon Overview and Level Annotations

Branches:
Dungeon (6/15)             Temple (0/1) D:5

Altars:
Okawaru
Qazlal
Ru

Shops:
D:6 !?


Innate Abilities, Weirdness & Mutations

You cannot wear armour.
You are incapable of wielding weapons or throwing items.
Your paws allow you to move quietly. (Stealth)
You have sharp claws.
You have razor-sharp teeth.
You have supernaturally acute eyesight. (SInv)
You are carnivorous and can eat meat at any time.
You cover ground quickly.
You are covered in thick fur. (AC +2)
You have a slow metabolism.
Your sharp claws are effective at attacking unaware monsters.


Message History

There is a stone staircase leading up here.
You climb upwards.
There is a stone staircase leading down here.
There is a stone staircase leading up here.
You climb upwards.
There is a stone staircase leading down here.
Things that are here:
a short sword; a ring mail
Things that are here:
a short sword; a ring mail
There is a stone staircase leading down here.
There is an open door here.
A giant cockroach comes into view.
The giant cockroach waves its antennae.
There is a staircase leading out of the dungeon here.
You can't go down here!
Are you sure you want to leave the Dungeon?
This will make you lose the game!
Uppercase [Y]es or [N]o only, please.
Are you sure you want to leave the Dungeon?
This will make you lose the game!
You have escaped!

.##
##.≈≈≈≈≈≈≈≈.#
.#
##.≈≈≈≈≈....#
##
#≈..≈≈≈.≈≈.≈#
#≈..≈.≈≈≈..≈#
#≈≈.≈≈≈≈≈.≈≈#
#≈≈s.≈≈≈..≈≈#
#≈≈...≈...≈≈#
#≈≈≈.....≈≈≈#
#≈≈≈≈.@.≈≈≈≈#
#≈≈≈≈...≈≈≈≈#
#≈≈≈≈≈≈≈≈≈≈≈#
#≈≈≈≈≈≈≈≈≈≈≈#
#############


You could see a giant cockroach.

Vanquished Creatures
  The ghost of letownia the Insei, an amateur OpTm (D:5)
  A necrophage (D:4)
  The ghost of letownia the Insei, an amateur OpTm (D:4)
  A bullfrog (D:6)
  A crimson imp (D:5)
  2 orc priests (D:4)
  A hound (D:4)
  A bullfrog skeleton (D:5)
  2 iguanas
  3 worker ants
  Natasha (D:4)
  An orc wizard (D:4)
  The ghost of letownia the Insei, a weakling OpTm (D:3)
  12 adders
  2 oozes (D:2)
  3 worms
  A dart slug (D:1)
  4 orcs
  4 giant cockroaches
  15 hobgoblins
  12 jackals
  10 kobolds
  2 quokkas (D:3)
  7 ball pythons
  3 bats (D:3)
  A frilled lizard (D:1)
  5 goblins
  10 rats
108 creatures vanquished.

Notes
Turn   | Place    | Note
-------+----------+-------------------------------------------
     0 | D:1      | NullDivider the Felid Berserker began the quest for the Orb.
     0 | D:1      | Reached XP level 1. HP: 10/10 MP: 2/2
   490 | D:1      | Reached XP level 2. HP: 14/14 MP: 3/3
  1507 | D:1      | Reached skill level 1 in Stealth
  1587 | D:2      | Reached XP level 3. HP: 17/17 MP: 4/4
  1666 | D:2      | Found an iron altar of Okawaru.
  2014 | D:2      | Found a sacrificial altar of Ru.
  2020 | D:2      | Reached ** piety under Trog
  2097 | D:2      | Reached XP level 4. HP: 20/21 MP: 5/5
  2846 | D:3      | Noticed letownia's ghost (weakling OpTm)
  2862 | D:3      | Killed letownia's ghost
  2862 | D:3      | Reached skill level 5 in Dodging
  3110 | D:3      | Reached XP level 5. HP: 24/25 MP: 6/6
  4711 | D:4      | Noticed Natasha
  4720 | D:4      | Killed Natasha
  4786 | D:4      | Gained mutation: You are covered in thick fur. (AC +2) [Felid growth]
  4786 | D:4      | Reached XP level 6. HP: 29/29 MP: 7/7
  4827 | D:4      | Reached *** piety under Trog
  5695 | D:4      | Reached skill level 5 in Unarmed Combat
  6148 | D:4      | Noticed letownia's ghost (amateur OpTm)
  6160 | D:4      | Killed letownia's ghost
  6273 | D:5      | Entered Level 5 of the Dungeon
  6285 | D:5      | Noticed letownia's ghost (amateur OpTm)
  6288 | D:5      | Found a staircase to the Ecumenical Temple.
  6307 | D:5      | Killed letownia's ghost
  6307 | D:5      | Reached skill level 5 in Fighting
  6307 | D:5      | Reached XP level 7. HP: 13/33 MP: 8/8
  6552 | D:5      | Found a stormy altar of Qazlal.
  7097 | D:6      | Found Ocow's Magic Scroll Shoppe.
  7102 | D:6      | Bought a scroll of magic mapping for 49 gold pieces
  7102 | D:6      | Bought a scroll of identify for 28 gold pieces
  7214 | D:6      | Killed from afar by an electric eel
  7215 | D:6      | Reached XP level 6. HP: -10/30 MP: 16/16
  7215 | D:6      | Found Ullyemat's Distillery.
  7285 | D:4      | Reached XP level 7. HP: 26/34 MP: 8/8
  7626 | D:$      | Got out of the dungeon alive.

Skill      XL: |  1  2  3  4  5  6  7 |
---------------+----------------------+-----
Stealth        | 1 2 3 4 |  4.7
Unarmed Combat | 4 6 |  6.2
Dodging        | 5 6 |  6.4
Fighting       | 4 5 |  5.8

Action                   |  1- 3 |  4- 6 |  7- 9 || total
-------------------------+-------+-------+-------++-------
Melee: Unarmed           |    95 |   203 |    29 ||   327
       Bite              |     5 |    12 |     3 ||    20
       Punch             |       |     5 |       ||     5
Invok: Trog's Hand       |       |     4 |     1 ||     5
       Berserk           |       |     2 |       ||     2
  Use: Scroll            |       |     3 |     1 ||     4
 Stab: Sleeping          |     8 |    14 |     3 ||    25
       Distracted        |       |     2 |       ||     2
  Eat: Chunk             |     8 |     2 |     1 ||    11
       Royal jelly       |       |       |     1 ||     1
Armor: Skin              |     1 |     8 |       ||     9
Dodge: Dodged            |    55 |   127 |    12 ||   194
